 Dungeon Crawl Stone Soup version 0.24-a0-500-g46574c2197 (webtiles) character file.

Game seed: 9687079135483691498

1221 KristoblXynda the Ruffian (level 8, 0/72 HPs)
             Began as a Troll Skald on July 15, 2019.
             Was an Initiate of Cheibriados.
             Slain by a gnoll
             ... wielding a +0 spear
              (8 damage)
             ... on level 5 of the Dungeon.
             The game lasted 00:09:10 (4120 turns).

KristoblXynda the Ruffian (Troll Skald)             Turns: 4120, Time: 00:09:11

Health: 0/72       AC:  7    Str: 21    XL:     8   Next: 23%
Magic:  8/8        EV: 11    Int: 12    God:    Cheibriados [......]
Gold:   248        SH:  0    Dex: 12    Spells: 8/9 levels left

rFire    + . .     SeeInvis .     - Unarmed
rCold    . . .     Gourm    +   (no shield)
rNeg     . . .     Faith    .   a - +0 robe
rPois    .         Spirit   .   (helmet restricted)
rElec    .         Reflect  .   v - +0 cloak (curse)
rCorr    .         Harm     +   (gloves unavailable)
MR       .....                  (boots unavailable)
Stlth    +.........             r - amulet of harm
HPRegen  0.62/turn              u - ring of protection from fire
MPRegen  0.11/turn              m - +2 ring of dexterity

@: very slow
A: large, unfitting armour, claws 3, fast metabolism 3, gourmand, regeneration
1, shaggy fur 1, tough skin 3
a: Bend Time, Renounce Religion


You were on level 5 of the Dungeon.
You worshipped Cheibriados.
Cheibriados was noncommittal.
You were very full.

You visited 2 branches of the dungeon, and saw 6 of its levels.

You collected 248 gold pieces.

Inventory:

Hand Weapons
 w - a +0 giant club
Armour
 a - a +0 robe (worn)
 v - a cursed +0 cloak (worn)
Jewellery
 m - a +2 ring of dexterity (right claw)
 p - an uncursed ring of resist corrosion
 r - an amulet of harm (around neck)
 t - an uncursed ring of magical power
 u - a ring of protection from fire (left claw)
Scrolls
 b - 2 scrolls of enchant armour {unknown}
 d - a scroll of enchant weapon {unknown}
 h - 4 scrolls of remove curse
 j - a scroll of fear {unknown}
 k - 5 scrolls of teleportation
 n - 2 scrolls of immolation {unknown}
 q - a scroll of magic mapping {unknown}
 x - 2 scrolls of identify
Potions
 e - a potion of haste
 f - a potion of agility {unknown}
 g - 5 potions of curing
 i - a potion of heal wounds {unknown}
 l - a potion of mutation {unknown}
 o - a potion of brilliance {unknown}
 s - a potion of invisibility
Comestibles
 c - 14 rations


   Skills:
 - Level 2.0 Fighting
 + Level 3.8 Dodging
 + Level 7.1 Unarmed Combat
 - Level 1.2 Spellcasting
 + Level 4.3 Charms


You had 8 spell levels left.
You knew the following spells:

 Your Spells              Type           Power        Failure   Level  Hunger
a - Infusion              Chrm           ##..         4%          1    ##.....

Your spell library contained the following spells:

 Spells                   Type           Power        Failure   Level  Hunger
 Song of Slaying          Chrm           ##......     8%          2    ###....
 Shroud of Golubria       Chrm/Tloc      #.....       19%         2    ###....
 Regeneration             Chrm/Necr      #.........   36%         3    ####...
 Spectral Weapon          Hex/Chrm       #.......     36%         3    ####...


Dungeon Overview and Level Annotations

Branches:
Dungeon (5/15)             Temple (1/1) D:5

Altars:
Ashenzari
Cheibriados
Dithmenos
Elyvilon
Fedhas
Gozag
Hepliaklqana
Kikubaaqudgha
Nemelex Xobeh
Okawaru
Qazlal
Ru
Sif Muna
Trog
Uskayaw
Vehumet
Wu Jian
Xom
Yredelemnul
Zin
The Shining One


Innate Abilities, Weirdness & Mutations

You are too large for most types of armour.
You have claws for hands.
Your metabolism is lightning-fast.
You like to eat raw meat.
Your natural rate of healing is unusually fast.
You are covered in fur. (AC +1)
You have extremely tough skin. (AC +3)


Message History

The gnoll sergeant hits you with a +0 spear.
You claw the gnoll sergeant!
You kill the gnoll sergeant!
Cheibriados appreciates the change of pace.
The gnoll hits you from afar with a +0 spear.
The adder bites you but does no damage.
You closely miss the adder. The gnoll hits you but does no damage.
The adder bites you.
The gnoll hits you from afar with a +0 spear.
You miss the adder. The adder bites you.
* * * LOW HITPOINT WARNING * * *
The gnoll misses you.
You claw the adder!
You kill the adder!
Cheibriados appreciates the change of pace.
The gnoll misses you.
The gnoll hits you from afar with a +0 spear!
* * * LOW HITPOINT WARNING * * *
The gnoll hits you but does no damage. x2; The gnoll hits you with a +0 spear!
You die...

#.##.##....# #.#.#...
#.....+....# #.#.#...
####.##....###.#.....
#>................
####.#.#....#.....
#....#.#.####.....
#.####.#..........
#.# #.#######....
#@####.# #....
#gg..#.# #....
#....#. ##### #....#
#....# #....####
#.......######
#####.........
#.........


You could see 2 gnolls.

Vanquished Creatures
  2 ice beasts
  4 ogres
  A gnoll sergeant (D:5)
  A scorpion (D:4)
  A centaur zombie (D:5)
  5 orc priests
  2 orc wizards
  Natasha (twice) (D:2)
  A centaur skeleton (D:4)
  An iguana (D:5)
  A worker ant (D:4)
  4 gnolls
  A howler monkey skeleton (D:4)
  5 adders
  2 oozes
  An adder zombie (D:5)
  3 worms
  6 leopard geckos
  15 orcs
  9 bats
  9 giant cockroaches
  4 goblins
  10 hobgoblins
  4 jackals
  7 kobolds
  3 quokkas
  5 frilled lizards
  3 rats
112 creatures vanquished.

Notes
Turn   | Place    | Note
-------+----------+-------------------------------------------
     0 | D:1      | KristoblXynda the Troll Skald began the quest for the Orb.
     0 | D:1      | Reached XP level 1. HP: 19/19 MP: 1/1
   170 | D:1      | Reached XP level 2. HP: 28/28 MP: 2/2
   589 | D:1      | Reached XP level 3. HP: 35/35 MP: 3/3
   752 | D:2      | Reached skill level 3 in Unarmed Combat
   824 | D:2      | Noticed an ice beast
   842 | D:2      | Killed an ice beast
   842 | D:2      | Reached skill level 4 in Unarmed Combat
   842 | D:2      | Reached XP level 4. HP: 13/42 MP: 4/4
   846 | D:2      | Reached XP level 5. HP: 14/49 MP: 5/5
  1076 | D:2      | Noticed Natasha
  1083 | D:2      | Killed Natasha
  1184 | D:2      | Noticed Natasha
  1191 | D:2      | Killed Natasha
  1756 | D:3      | Reached skill level 5 in Unarmed Combat
  1895 | D:3      | Reached XP level 6. HP: 55/57 MP: 6/6
  2820 | D:4      | Reached skill level 6 in Unarmed Combat
  2943 | D:4      | Reached XP level 7. HP: 60/65 MP: 7/7
  3425 | D:5      | Entered Level 5 of the Dungeon
  3774 | D:5      | Reached XP level 8. HP: 71/72 MP: 8/8
  3777 | D:5      | Reached skill level 7 in Unarmed Combat
  3826 | D:5      | Found a staircase to the Ecumenical Temple.
  3842 | Temple   | Entered the Ecumenical Temple
  3860 | Temple   | Became a worshipper of Cheibriados the Contemplative
  4120 | D:5      | Slain by a gnoll

Levels and vault maps discovered:
D:1:      minmay_arrival_three_doors, layout_basic, minmay_octomino_j4
D:2:      layout_loops_ring, uniq_natasha
D:3:      layout_loops_ring
D:4:      layout_basic, st_stairs_6
D:5:      layout_basic, minmay_temple_entry_purple_smoke, first_ration,
          due_unseen_surprise
Temple:   grunt_wide_crystal_templ

Skill      XL: |  1  2  3  4  5  6  7  8 |
---------------+-------------------------+-----
Dodging        | 2 3 |  3.8
Fighting       | 2 |  2.0
Unarmed Combat | 4 5 6 7 |  7.1
Charms         | 3 4 |  4.3
Spellcasting   | |  1.2

Action                   |  1- 3 |  4- 6 |  7- 9 || total
-------------------------+-------+-------+-------++-------
Melee: Unarmed           |    90 |   155 |    80 ||   325
       Punch             |       |     2 |     2 ||     4
 Cast: Infusion          |       |     1 |     2 ||     3
  Use: Scroll            |       |     3 |     3 ||     6
  Eat: Chunk             |     9 |    23 |    11 ||    43
Armor: Robe              |    35 |    50 |    16 ||   101
Dodge: Dodged            |    48 |    54 |    24 ||   126

Table legend:
 A = Non-vault XP
 B = Vault XP
 C = Vault XP percentage of total XP
 D = Non-vault monster count
 E = Vault monster count
 F = Vault count percentage of total count
                 A         B        C        D         E       F
            +---------+---------+-------+---------+---------+-------
      Total |    1695 |      50 |   2.9 |     107 |       5 |   4.5
            +---------+---------+-------+---------+---------+-------
        D:1 |      29 |      13 |  31.0 |      15 |       4 |  21.1
        D:2 |     220 |      37 |  14.4 |      25 |       1 |   3.8
        D:3 |     105 |       0 |   0.0 |      25 |       0 |   0.0
        D:4 |     587 |       0 |   0.0 |      22 |       0 |   0.0
        D:5 |     754 |       0 |   0.0 |      20 |       0 |   0.0
            +---------+---------+-------+---------+---------+-------
